 Dungeon Crawl Stone Soup version 0.31-a0-1057-g70f3316b05 (webtiles) character file.

Game seed: 555890108324928332

366 Lusmu the Sneak (level 6, -7/36 HPs)
             Began as an Octopode Venom Mage on Nov 20, 2023.
             Mangled by an ice beast (8 damage)
             ... on level 6 of the Dungeon.
             The game lasted 00:21:30 (4528 turns).

Lusmu the Sneak (Octopode Venom Mage)               Turns: 4528, Time: 00:21:31

Health: -7/36      AC:  1    Str: 14    XL:     6   Next: 68%
Magic:  10/10      EV: 13    Int: 19    God:
Gold:   246        SH:  0    Dex: 12    Spells: 6/11 levels left

rFire   . . .        m - +3 dagger
rCold   . . .        (no shield)
rNeg    + . .        (helmet restricted)
rPois   .            (no amulet)
rElec   .            e - ring of flight
rCorr   .            o - ring of positive energy
SInv    .            x - +6 ring of strength
Will    .....        (no ring)
Stlth   ++++         (no ring)
HPRegen 0.26/turn    (no ring)
MPRegen 0.12/turn    (no ring)
                     (no ring)

%: no passive effects
@: flying
A: almost no armour, amphibious, 8 rings, camouflage 1, gelatinous body 1,
(nimble swimmer 1), tentacles
a: no special abilities


You were on level 6 of the Dungeon.
You visited 1 branch of the dungeon, and saw 6 of its levels.

You collected 246 gold pieces.

Inventory:

Hand Weapons
 m - a +3 dagger (weapon)
Missiles
 d - 8 boomerangs
Magical Staves
 q - a staff of air
Jewellery
 e - a ring of flight (left tentacle)
 o - a ring of positive energy (right tentacle)
 x - a +6 ring of strength (on tentacle)
Talismans
 b - a flux talisman
 p - a beast talisman
 r - a blade talisman
Wands
 y - a wand of iceblast (11)
Scrolls
 c - a scroll of fear
 f - a scroll of immolation
 g - a scroll of butterflies
 h - 2 scrolls of enchant weapon
 j - a scroll of enchant armour
 l - 3 scrolls of teleportation {unknown}
 s - a scroll of vulnerability {unknown}
 t - a scroll of revelation {unknown}
 w - a scroll of poison
Potions
 a - 2 potions of magic
 i - a potion of berserk rage
 k - 2 potions of curing {unknown}
 n - a potion of attraction
 u - a potion of brilliance {unknown}
 v - a potion of enlightenment {unknown}


   Skills:
 - Level 2.0 Dodging
 + Level 5.7 Stealth
 - Level 3.0 Spellcasting
 + Level 2.6 Conjurations
 - Level 1.0 Transmutations
 + Level 1.5 Air Magic
 + Level 5.5 Poison Magic


You had 6 spell levels left.
You knew the following spells:

 Your Spells              Type           Power      Damage    Failure   Level
a - Sting                 Tmut/Pois      60%        1d6       4%          1
b - Magic Dart            Conj           48%        1d5       5%          1
c - Mephitic Cloud        Conj/Pois/Air  15%        N/A       12%         3

Your spell library contained the following spells:

 Spells                   Type           Power      Damage    Failure   Level
 Poisonous Vapours        Pois/Air       32%        N/A       5%          2
 Summon Small Mammal      Summ           8%         N/A       16%         1
 Olgreb's Toxic Radiance  Pois           23%        N/A       16%         4
 Call Imp                 Summ           4%         N/A       22%         2
 Call Canine Familiar     Summ           2%         N/A       41%         3
 Summon Guardian Golem    Hex/Summ       2%         N/A       41%         3


Dungeon Overview and Level Annotations

Branches:
Dungeon (6/15)
 Temple: D:4-7

Altars:
Ashenzari
Kikubaaqudgha
Wu Jian
The Shining One

Annotations:
D:5 exclusion: water moccasin, Sigmund
D:6 Duvessa


Innate Abilities, Weirdness & Mutations

You cannot wear most types of armour.
You are amphibious.
You can wear up to eight rings at the same time.
Your skin changes colour to match your surroundings (Stealth+).
Your rubbery body absorbs attacks. (AC +1, EV +1)
((You are camouflaged when in or above water. (Stealth+)))
You have tentacles for arms and can constrict up to eight enemies at once.


Message History

Magic restored.
Duvessa, Sister of Dowan comes into view.
She is wielding a +2 short sword of venom and carrying a wand of flame.
You see here an adder skeleton.
There is a stone staircase leading up here.
You fly upwards.
Level annotation: exclusion: water moccasin, Sigmund
There is a stone staircase leading down here.
There is a stone staircase leading down here.
You fly downwards.
Level annotation: Duvessa
There is a stone staircase leading up here.
You fly upwards.
Level annotation: exclusion: water moccasin, Sigmund
There is a stone staircase leading down here.
You feel stronger.
x - a +6 ring of strength (on tentacle)
As you read the scroll of identify, it crumbles to dust.
n - a potion of attraction You fly downwards.
Level annotation: Duvessa The ice beast hits you.
The ice beast freezes you.
There is a stone staircase leading up here.
You hit the ice beast but do no damage. The ice beast hits you.
The ice beast freezes you!
Casting: Sting (safe; 4% risk of failure)
Confirm with . or Enter, or press ? or * to list all spells.
Aiming: Sting (safe; 4% risk of failure)
Press: ? - help, Shift-Dir - straight line, f - ice beast
Aim: an ice beast (74% to hit)
Okay, then.
You closely miss the ice beast. Your squeeze misses the ice beast.
The ice beast barely misses you.
You barely miss the ice beast. Your squeeze misses the ice beast.
The ice beast hits you. The ice beast freezes you!
* * * LOW HITPOINT WARNING * * *
You hit the ice beast but do no damage. The ice beast completely misses you.
You hit the ice beast but do no damage. The ice beast hits you.
* * * LOW HITPOINT WARNING * * *
The ice beast freezes you!
You die...

# #.. .. .#.
... ..#
...####.####...
...............
...............
...............
........<......
#.@Y...#
#.#.##.# #. ...
#. .#.# #. ##.#
#. # ##


You could see an ice beast.

Vanquished Creatures
  An ogre (D:6)
  A hound (D:5)
  A jelly (D:5)
  Jessica (D:2)
  An iguana (D:6)
  An orc wizard (D:4)
  5 adders
  2 white imps
  2 worms
  9 orcs
  9 endoplasms
  4 giant cockroaches
  8 goblins
  4 hobgoblins
  3 jackals (D:4)
  7 kobolds
  3 quokkas
  6 ball pythons
  5 bats
  3 frilled lizards
  6 rats
82 creatures vanquished.

Notes
Turn   | Place    | Note
-------+----------+-------------------------------------------
     0 | D:1      | Lusmu the Octopode Venom Mage began the quest for the Orb.
     0 | D:1      | Reached XP level 1. HP: 11/11 MP: 3/3
   316 | D:1      | Reached XP level 2. HP: 16/17 MP: 5/5
   931 | D:2      | Found a broken altar of Ashenzari.
   937 | D:2      | Found a faded altar of an unknown god.
   972 | D:2      | Reached XP level 3. HP: 15/21 MP: 6/6
  1040 | D:2      | Found the +1 Delatra's gloves {ID++}
  1089 | D:2      | Learned a level 1 spell: Magic Dart
  1544 | D:2      | Reached XP level 4. HP: 27/27 MP: 8/8
  1563 | D:2      | Noticed Jessica
  1566 | D:2      | Killed Jessica
  1567 | D:2      | Reached skill level 1 in Conjurations
  1797 | D:3      | Found an ancient bone altar of Kikubaaqudgha.
  2030 | D:3      | You are sucked into a shaft and drop 1 floor!
  2297 | D:3      | Reached XP level 5. HP: 25/31 MP: 6/9
  2830 | D:4      | Found an ornate altar of the Wu Jian Council.
  3245 | D:4      | Found a glowing golden altar of the Shining One.
  3714 | D:5      | Entered Level 5 of the Dungeon
  3773 | D:5      | Noticed a steam dragon
  3893 | D:5      | Reached skill level 5 in Stealth
  3893 | D:5      | Reached skill level 5 in Poison Magic
  3898 | D:5      | Learned a level 3 spell: Mephitic Cloud
  3963 | D:5      | Noticed a water moccasin
  4048 | D:5      | Noticed Sigmund
  4076 | D:5      | Reached XP level 6. HP: 26/36 MP: 6/10
  4186 | D:6      | Noticed an ice beast
  4265 | D:6      | Reached skill level 1 in Air Magic
  4474 | D:6      | Noticed Duvessa
  4526 | D:6      | HP: 1/36 [ice beast (14)]
  4528 | D:6      | Mangled by an ice beast

Illustrated notes

Levels and vault maps discovered:
D:1:      minmay_arrival_nine_rooms, layout_loops_cross,
          minmay_misc_feat_rugged, minmay_fountain_box
D:2:      layout_loops_ring, hellmonk_ecumenical_altar_arch_garden, basic_altar,
          glass_columns_a, dk_noncrumbling_2, uniq_jessica
D:3:      wander_river, layout_basic, nicolae_kikubaaqudgha_miasma_corner
D:4:      layout_loops_corners, mainiacjoe_overflow_concentric_impassable,
          nicolae_overflow_crystal_walls
D:5:      layout_rooms, uniq_sigmund, uniq_crazy_yiuf_cottage
D:6:      layout_basic, grunt_qazlal_clouds, mainiacjoe_overflow_chevrons,
          minmay_temple_entry_tees, uniq_maggie, uniq_menkaure, uniq_duvessa

Skill      XL: |  1  2  3  4  5  6 |
---------------+-------------------+-----
Stealth        | 3 4 5 |  5.7
Poison Magic   | 4 5 |  5.5
Conjurations   | 1 2 |  2.6
Spellcasting   | 3 |  3.0
Air Magic      | 1 |  1.5
Dodging        | |  2.0
Transmutations | |  1.0

Action                     |  1- 3 |  4- 6 || total
---------------------------+-------+-------++-------
  Melee: Spear             |    28 |       ||    28
         Tentacles         |    13 |     8 ||    21
         Constrict         |    12 |    14 ||    26
         Dagger            |    42 |    74 ||   116
   Cast: Sting             |     7 |    37 ||    44
         Magic Dart        |       |    12 ||    12
    Use: Scroll            |       |    10 ||    10
   Stab: Sleeping          |    10 |    13 ||    23
 Armour: Skin              |    30 |    35 ||    65
  Dodge: Dodged            |    36 |    40 ||    76

Table legend: (Time is in decaauts)
 A = Elapsed time spent in this place.
 B = Non-inter-level travel time spent in this place.
 C = Inter-level travel time spent in this place.
 D = Time resting spent in this place.
 E = Time spent auto-exploring this place.
 F = Levels seen in this place.
 G = Mean time per level.
                   A        B        C        D        E       F      G
               +--------+--------+--------+--------+--------+-----+--------+
         Total |   4531 |   4347 |    184 |    529 |   1812 |   6 |  755.2 |
       Dungeon |   4531 |   4347 |    184 |    529 |   1812 |   6 |  755.2 |
               +--------+--------+--------+--------+--------+-----+--------+

Top non-repeatable levels by time:
     D:4: 1114 daAuts
     D:2: 1013 daAuts
     D:3: 920 daAuts
     D:1: 818 daAuts
     D:5: 420 daAuts
     D:6: 244 daAuts
